Map: Ruins of Seras

Players

GarMan

  • Race: Terran Terran
  • League: Gold

Ame - Winner!

  • Race: Zerg Zerg
  • League: Silver

VOD

Have the link to the VOD?

Description

Time

  • Played on: Nov. 15, 2015, 5:11 a.m.
  • Length: 8:37
Show
View Real Time Build Order
Export as new Build Order

GarMan Terran 

Build Orders: Mech 

Get SALT Encoding   

  12  0:01  SCV  
  13  0:13  SCV  
  14  0:23  Supply Depot  
  14  0:27  SCV  
  15  0:32  Refinery  
  15  0:45  SCV  
  15  0:47  Barracks  
  16  0:57  SCV  
  17  1:09  SCV  
  18  1:21  SCV  
  19  1:33  SCV  
  19  1:39  Reaper  
  21  1:46  Supply Depot, Orbital Command  
  21  2:04  Command Center  
  21  2:09  Refinery  
  21  2:11  SCV  
  21  2:13  Marine  
  23  2:23  SCV  
  24  2:33  Marine  
  24  2:35  SCV  
  26  3:00  SCV  
  26  3:01  Bunker  
  26  3:03  Marine  
  28  3:11  Barracks  
  28  3:12  Barracks  
  28  3:39  Refinery, Marine  
  29  3:41  SCV  
  30  3:58  Barracks Tech Lab  
  30  4:19  SCV  
  30  4:20  Orbital Command  
  31  4:31  SCV  
  32  4:42  Barracks Tech Lab  
  32  4:43  Barracks Reactor, SCV  
  33  4:50  Barracks Reactor  
  33  4:55  SCV x2  
  35  5:00  Engineering Bay x2  
  35  5:07  SCV  
  35  5:09  Marauder  
  35  5:13  SCV  
  39  5:19  SCV  
  40  5:23  Supply Depot  
  40  5:24  Marine x2  
  40  5:25  SCV  
  43  5:31  SCV  
  43  5:32  Marauder  
  46  5:41  Supply Depot  
  46  5:43  Terran Infantry Weapons Level 1  
  46  5:44  Marine x3  
  49  5:55  Marauder  
  49  5:56  Marine  
  52  5:57  Factory  
  52  6:15  Factory  
  52  6:16  SCV x2, Supply Depot  
  54  6:22  Refinery  
  54  6:25  Marine, Marauder  
  56  6:26  Marine x3  
  56  6:28  SCV x2  
  53  6:40  SCV  
  48  6:55  Bunker  
  48  7:00  Barracks Tech Lab  
  48  7:01  Marine x2  
  48  7:02  Marine x2  
  48  7:05  Factory Tech Lab  
  52  7:11  SCV  
  52  7:12  SCV  
  54  7:20  Factory  
  54  7:24  SCV x2  
  56  7:30  Armory, Supply Depot  
  56  7:43  Marauder  
  58  7:49  Siege Tank  
  61  8:00  Marine x2  
  61  8:02  Marine x2  
  61  8:04  Marauder  
  67  8:09  Factory Tech Lab  
Show
View Real Time Build Order
Export as new Build Order

Ame Zerg - Winner!

Build Orders: Pool First 

Get SALT Encoding   

  12  0:01  Drone  
  14  0:19  Overlord  
  13  0:21  Drone  
  13  0:23  Extractor  
  13  0:24  Drone  
  15  0:39  Drone  
  16  0:47  Drone, Spawning Pool  
  16  0:57  Drone  
  17  1:12  Drone  
  18  1:18  Hatchery  
  18  1:22  Drone, Extractor  
  17  1:33  Drone  
  17  1:37  Queen  
  20  1:43  Overlord  
  20  1:51  Drone  
  21  2:01  Drone  
  22  2:11  Zergling x2  
  22  2:12  Queen  
  25  2:21  Drone  
  26  2:30  Queen  
  26  2:33  Drone x2  
  30  2:42  Drone  
  31  2:53  Drone x5  
  36  3:02  Overlord  
  36  3:17  Metabolic Boost, Roach Warren, Baneling Nest  
  36  3:19  Drone  
  36  3:20  Drone x2  
  36  3:22  Overlord  
  37  3:28  Drone x2  
  39  3:36  Drone  
  39  3:37  Drone x2  
  42  3:45  Queen  
  45  3:48  Drone  
  45  3:49  Drone x3  
  45  3:52  Extractor  
  45  3:54  Overlord  
  46  3:57  Zergling x2  
  47  4:06  Lair  
  47  4:10  Drone x3  
  47  4:11  Evolution Chamber  
  47  4:12  Drone x2  
  47  4:15  Extractor  
  50  4:32  Zergling x12  
  56  4:38  Extractor  
  55  4:45  Drone  
  55  4:46  Drone  
  55  4:49  Zerg Melee Weapons Level 1  
  55  4:50  Zergling x2  
  55  4:51  Zergling x4  
  60  5:17  Overlord x2  
  60  5:18  Overlord x4  
  57  5:28  Baneling  
  57  5:29  Baneling x13  
  57  5:30  Zergling x2  
  57  5:31  Zergling x2  
  59  5:49  Drone x2  
  61  5:56  Evolution Chamber  
  60  5:59  Glial Reconstitution  
  60  6:14  Zergling x16  
  60  6:15  Zergling x6  
  71  6:23  Overlord  
  71  6:26  Overlord  
  62  6:42  Zergling x2  
  62  6:43  Zergling x12  
  63  7:02  Zergling x2  
  63  7:03  Zergling x6  
  63  7:05  Zergling x10  
  72  7:13  Centrifical Hooks  
  72  7:19  Drone  
  72  7:20  Drone  
  72  7:21  Drone  
  72  7:22  Infestation Pit  
  74  7:28  Zergling x2  
  74  7:29  Zergling x2  
  76  7:34  Baneling  
  76  7:35  Baneling x24  
  76  7:36  Zergling x2  
  77  7:51  Zergling x12  
  83  7:59  Zergling x4  
  84  8:17  Hatchery  
Tags
 
Composition
Mech
Matchup
TvZ
Opening
Pool First
Add a new tag
Caveats
  • Supply blocks, unpowered buildings, or Contaminate may cause inaccurate times.
  • Supply counts are checked every 10 seconds.